 Dungeon Crawl Stone Soup version 0.20-a0-222-gb69ddcd (webtiles) character file.

44 KristoblXynda the Caller (level 3, 0/19 HPs)
             Began as a Tengu Summoner on Nov 29, 2016.
             Slain by a leopard gecko (2 damage)
             ... on level 2 of the Dungeon.
             The game lasted 00:03:29 (1583 turns).

KristoblXynda the Caller (Tengu Summoner)           Turns: 1583, Time: 00:03:30

Health: 0/19       AC:  2    Str:  8    XL:     3   Next: 62%
Magic:  1/7        EV: 12    Int: 16    God:
Gold:   36         SH:  0    Dex: 14    Spells: 3/6 levels left

rFire  . . .     SeeInvis .     d - +0 short sword
rCold  . . .     Gourm    .     a - +0 robe
rNeg   . . .     Faith    .     (no shield)
rPois  .         Spirit   .     (helmet restricted)
rElec  .         Reflect  .     (no cloak)
rCorr  .         Harm     .     (no gloves)
MR     .....                    (boots unavailable)
Stlth  ++........               (no amulet)
                                (no ring)
                                (no ring)

@: no status effects
A: beak, talons 3
a: no special abilities


You were on level 2 of the Dungeon.
You were not hungry.

You visited 1 branch of the dungeon, and saw 2 of its levels.

You collected 36 gold pieces.

Inventory:

Hand Weapons
 d - a +0 short sword (weapon)
Missiles
 j - a throwing net (quivered)
Armour
 a - a +0 robe (worn)
Scrolls
 e - a scroll of noise {unknown}
 g - a scroll of blinking {unknown}
Potions
 h - a potion of curing {unknown}
 i - a potion of brilliance {unknown}
 k - 2 potions of mutation {unknown}
Books
 b - a book of Callings

   Spells                             Type                      Level
   a - Summon Small Mammal            Summoning                    1
   b - Call Imp                       Summoning                    2
   c - Call Canine Familiar           Summoning                    3
   d - Summon Guardian Golem          Hexes/Summoning              3
   e - Summon Lightning Spire         Summoning/Air                4
   f - Summon Ice Beast               Ice/Summoning                4
Comestibles
 c - 2 bread rations
 f - a chunk of flesh


   Skills:
 + Level 1.7 Throwing
 - Level 2.1 Dodging
 - Level 2.0 Stealth
 + Level 2.4 Spellcasting
 + Level 5.4 Summonings


You had 3 spell levels left.
You knew the following spells:

 Your Spells              Type           Power        Failure   Level  Hunger
a - Summon Small Mammal   Summ           ###.         1%          1    #......
b - Call Imp              Summ           ###.....     3%          2    ###....


Dungeon Overview and Level Annotations

Branches:
Dungeon (2/15)

Altars:


Innate Abilities, Weirdness & Mutations

You have a beak for a mouth.
You have claws for feet.


Message History

Your shadow imp hits Ijyb.
Your crimson imp hits Ijyb but does no damage.
Ijyb hits you.
* * * LOW HITPOINT WARNING * * *
Your crimson imp hits Ijyb.
Your shadow imp gestures at Ijyb.
Ijyb writhes in agony!
Your crimson imp closely misses Ijyb.
Ijyb hits your shadow imp.
Your crimson imp completely misses Ijyb.
Your shadow imp gestures at Ijyb.
Ijyb barely resists.
Your crimson imp hits Ijyb but does no damage.
Ijyb hits your shadow imp but does no damage.
Your crimson imp closely misses Ijyb.
Your shadow imp barely misses Ijyb.
Your crimson imp hits Ijyb.
Ijyb hits your crimson imp but does no damage.
Your crimson imp closely misses Ijyb.
Your shadow imp hits Ijyb.
Ijyb dies!
The leopard gecko bites you.
You die...

# #. #.##.. ###.
.##.#..
##.....##.....##
##..............##
##............?...#
........!.........#
#................#
#............l...#
#.........5..@...#
#.<......55......#
#......).†......##
#.#.....#......##
#.##......###### ..
#.....## w##
#.....# ##.
#.....##
#..####......###


You could see a leopard gecko, 2 friendly crimson imps and a friendly shadow
imp.

Vanquished Creatures
  2 bats
  2 hobgoblins (D:1)
  7 jackals
  2 kobolds
  2 rats (D:1)
15 creatures vanquished.

Vanquished Creatures (collateral kills)
  Ijyb (D:2)
  An ooze (D:2)
  A worm (D:2)
  2 hobgoblins
  2 jackals (D:1)
  A kobold (D:1)
  3 bats (D:1)
  2 goblins (D:1)
13 creatures vanquished.

Grand Total: 28 creatures vanquished

Notes
Turn   | Place    | Note
-------+----------+-------------------------------------------
     0 | D:1      | KristoblXynda the Tengu Summoner began the quest for the Orb.
     0 | D:1      | Reached XP level 1. HP: 10/10 MP: 4/4
   444 | D:1      | Reached skill level 5 in Summonings
   444 | D:1      | Reached XP level 2. HP: 15/15 MP: 6/6
   473 | D:1      | Reached skill level 1 in Throwing
   735 | D:1      | Learned a level 2 spell: Call Imp
  1324 | D:2      | Noticed Ijyb
  1540 | D:2      | Reached XP level 3. HP: 19/19 MP: 7/7
  1581 | D:2      | Killed Ijyb
  1583 | D:2      | Slain by a leopard gecko

Vault maps used:
D:1:      eino_arrival_tree_alley
D:2:      old_standard_altar, dk_noncrumbling_4, uniq_iyjb

Skill      XL: |  1  2 |
---------------+-------+-----
Summonings     | 5 |  5.4
Throwing       | 1 |  1.7
Dodging        | |  2.1
Stealth        | |  2.0
Spellcasting   | |  2.4

Action                   || total
-------------------------++-------
Melee: Short sword       ||    62
       Unarmed           ||     7
       Peck              ||     8
       Kick              ||    11
 Cast: Summon Small Mamm ||     5
       Call Imp          ||     8
 Stab: Sleeping          ||     3
  Eat: Meat ration       ||     1
Armor: Robe              ||    14
Dodge: Dodged            ||    67
